 Dungeon Crawl Stone Soup version 0.28-a0-8-g6e044cfa68 (webtiles) character file.

Game seed: 6139953310861580363

202 Spaninq the Grave Robber (level 5, 0/35 HPs)
             Began as a Mummy Necromancer on July 23, 2021.
             Slain by a phantom (6 damage)
             ... on level 4 of the Dungeon.
             The game lasted 00:08:30 (4046 turns).

Spaninq the Grave Robber (Mummy Necromancer)        Turns: 4046, Time: 00:08:31

Health: 0/35       AC:  3    Str: 11    XL:     5   Next: 50%
Magic:  10/10      EV: 12    Int: 16    God:
Gold:   177        SH:  0    Dex: 12    Spells: 8/10 levels left

rFire   x . .      SeeInvis .   f - +0 great sword
rCold   + . .      Faith    .   (shield currently unavailable)
rNeg    + + +      Spirit   .   a - +0 robe
rPois   ∞          Reflect  .   (no helmet)
rElec   .          Harm     .   (no cloak)
rCorr   .          Rampage  .   b - +0 pair of gloves
Will    .....                   (no boots)
Stlth   ++........              (no amulet)
HPRegen 0.11/turn               (no ring)
MPRegen 0.12/turn               (no ring)

@: no status effects
A: cold resistance 1, negative energy resistance 3, torment resistance 2, heat
vulnerability 1, no potions
a: no special abilities


You were on level 4 of the Dungeon.
You visited 1 branch of the dungeon, and saw 4 of its levels.

You collected 177 gold pieces.

Inventory:

Hand Weapons
 e - a +0 whip of venom
 f - a +0 great sword (weapon)
Armour
 a - a +0 robe (worn)
 b - a +0 pair of gloves (worn)
Jewellery
 h - an amulet of regeneration
 j - an amulet of faith
Scrolls
 c - 3 scrolls of identify {unknown}
 d - a scroll of noise {unknown}
 g - a scroll of silence {unknown}
 i - a scroll of summoning {unknown}


   Skills:
 * Level 3.4 Long Blades
 - Level 1.5 Dodging
 - Level 1.5 Stealth
 - Level 3.4 Spellcasting
 - Level 4.8 Necromancy


You had 8 spell levels left.
You knew the following spells:

 Your Spells              Type           Power      Damage    Failure   Level
a - Pain                  Necr           72%        1d7       2%          1
b - Animate Skeleton      Necr           36%        N/A       2%          1

Your spell library contained the following spells:

 Spells                   Type           Power      Damage    Failure   Level
 Vampiric Draining        Necr           9%         2d7       8%          3
 Freeze                   Ice            8%         1d3       19%         1
 Animate Dead             Necr           9%         N/A       24%         4
 Frozen Ramparts          Ice            4%         1d2       47%         3
 Agony                    Necr           18%        N/A       56%         5
 Hailstorm                Conj/Ice       2%         3d3       87%         4


Dungeon Overview and Level Annotations

Branches:
Dungeon (4/15)
 Temple: D:4-7

Altars:
Ru
Uskayaw


Innate Abilities, Weirdness & Mutations

You are immune to poison.
Your flesh is cold resistant. (rC+)
You are immune to negative energy. (rN+++)
You are immune to unholy pain and torment.
You are vulnerable to heat. (rF-)
You do not drink.


Message History

A ball python comes into view.
A phantom comes into view.
Casting: Pain (safe; 2% risk of failure)
Confirm with . or Enter, or press ? or * to list all spells.
You can't see any susceptible monsters within range! (Use Z to cast anyway.)
Your +0 whip of venom stops dripping with poison.
f - a +0 great sword (weapon)
You barely miss the phantom. The phantom hits you!
The phantom blinks!
You blink.
You closely miss the phantom. The phantom hits you.
The phantom closely misses you.
You barely miss the phantom. The phantom hits you!
The phantom blinks!
You blink.
You barely miss the phantom.
The phantom hits you but does no damage.
The phantom hits you!
* * * LOW HITPOINT WARNING * * *
The phantom blinks!
You blink.
You barely miss the phantom.
The phantom hits you but does no damage.
You closely miss the phantom. The phantom barely misses you.
The phantom closely misses you.
You slash the phantom!
The phantom is moderately damaged.
The phantom hits you but does no damage.
The phantom barely misses you.
You closely miss the phantom.
The phantom is moderately damaged.
The phantom hits you.
* * * LOW HITPOINT WARNING * * *
You slash the phantom!
The phantom is severely damaged.
The phantom barely misses you. x2
You closely miss the phantom.
The phantom is severely damaged.
The phantom closely misses you.
You barely miss the phantom.
The phantom is severely damaged.
The phantom hits you.
You die...

#. #........#.. ..
##.. #.......[. #.
....###......#######
#.
..[..............###
#.
...#......#####...###.
#.#......# ###.....
#........# #####.
##.W.....###. #.
#§#@###.......#####.
#.#.###### #........
#[#...## ######...
#.###>.#### ##.. #.#
##....#######(.. ...
####........... ...
#########... ... #...
....# #...


You could see a phantom.

Vanquished Creatures
  A scorpion (D:4)
  4 adders
  4 gnolls (D:3)
  A worm (D:2)
  3 bats
  5 endoplasms
  2 giant cockroaches
  7 goblins
  5 hobgoblins
  7 jackals
  7 kobolds
  6 ball pythons
  4 frilled lizards
  5 rats
61 creatures vanquished.

Vanquished Creatures (collateral kills)
  A jackal (D:1)
1 creature vanquished.

Vanquished Creatures (others)
  2 plants (D:2)
2 creatures vanquished.

Grand Total: 64 creatures vanquished

Notes
Turn   | Place    | Note
-------+----------+-------------------------------------------
     0 | D:1      | Spaninq the Mummy Necromancer began the quest for the Orb.
     0 | D:1      | Reached XP level 1. HP: 13/13 MP: 4/4
   265 | D:1      | Learned a level 1 spell: Animate Skeleton
   346 | D:1      | Reached XP level 2. HP: 19/19 MP: 4/6
   839 | D:1      | Reached XP level 3. HP: 18/24 MP: 0/7
  1666 | D:2      | Found a faded altar of an unknown god.
  2341 | D:2      | Reached skill level 1 in Long Blades
  2883 | D:3      | Found a hide-covered altar of Uskayaw.
  3060 | D:3      | Reached XP level 4. HP: 30/30 MP: 6/9
  3417 | D:3      | Found a sacrificial altar of Ru.
  3890 | D:4      | Noticed a scorpion
  3924 | D:4      | Killed a scorpion
  3925 | D:4      | Reached XP level 5. HP: 35/35 MP: 6/10
  4032 | D:4      | Noticed a phantom
  4046 | D:4      | Slain by a phantom

Illustrated notes

Levels and vault maps discovered:
D:1:      dpeg_arrival_lava_temple_mockup, layout_basic
D:2:      wad_lake_hut, layout_basic, dilly_ecumenical_altar_fadedgnrine,
          minivault_4, hangedman_decor_slide_cut
D:3:      layout_loops_cross, nicolae_ru_awakened_eye,
          eat_drink_and_be_merry_uskayaw, serial_aquarium,
          aquarium_bridge_square [aquarium_subvault_wall,
          aquarium_subvault_bridge, aquarium_subvault_wall,
          aquarium_subvault_wall], aquarium_window_2, aquarium_window_3,
          aquarium_view_2b, aquarium_view_2b, chequers_serial_rivers_micro_b
D:4:      layout_rooms

Skill      XL: |  1  2  3  4 |
---------------+-------------+-----
Spellcasting   | 3 |  3.4
Long Blades    | 1 3 |  3.4
Dodging        | |  1.5
Stealth        | |  1.5
Necromancy     | |  4.8

Action                   |  1- 3 |  4- 6 || total
-------------------------+-------+-------++-------
Melee: Unarmed           |     3 |       ||     3
       Club              |    10 |       ||    10
       Whip              |    31 |     8 ||    39
       Dagger            |     3 |       ||     3
       Great sword       |       |    11 ||    11
 Cast: Pain              |    76 |    35 ||   111
       Animate Skeleton  |    10 |     2 ||    12
Armor: Robe              |    16 |     5 ||    21
Dodge: Dodged            |    67 |    17 ||    84

Table legend: (Time is in decaauts)
 A = Elapsed time spent in this place.
 B = Non-inter-level travel time spent in this place.
 C = Inter-level travel time spent in this place.
 D = Time resting spent in this place.
 E = Time spent auto-exploring this place.
 F = Levels seen in this place.
 G = Mean time per level.
                   A        B        C        D        E       F      G
               +--------+--------+--------+--------+--------+-----+--------+
         Total |   4092 |   3935 |    157 |    117 |   3220 |   4 | 1023.0 |
       Dungeon |   4092 |   3935 |    157 |    117 |   3220 |   4 | 1023.0 |
               +--------+--------+--------+--------+--------+-----+--------+

Top non-repeatable levels by time:
     D:1: 1473 daAuts
     D:2: 1344 daAuts
     D:3: 1139 daAuts
     D:4: 135 daAuts
